 Dungeon Sprint DCSS version 0.31-a0-1-g4198be8af4 (webtiles) character file.

Game seed: 7337393153417752078

5921 rocky1 the Geomancer (level 10, -2/66 HPs)
             Began as a Deep Elf Earth Elementalist on May 2, 2023.
             Was a High Priest of Sif Muna.
             Slain by a vampire knight
             ... wielding a +0 long sword
              (27 damage)
             ... in the Dungeon (Sprint VII: "The Pits").
             The game lasted 00:09:22 (3277 turns).

rocky1 the Geomancer (Deep Elf Earth Elementalist)  Turns: 3277, Time: 00:09:22

Health: -2/66      AC:  3    Str:  5    XL:     10   Next: 53%
Magic:  5/28       EV: 12    Int: 31    God:    Sif Muna [*****.]
Gold:   0          SH:  0    Dex: 15    Spells: 12/33 levels left

rFire   . . .        k - +1 long sword (flame)
rCold   . . .        (no shield)
rNeg    . . .        a - +0 robe
rPois   .            o - +0 helmet
rElec   .            (no cloak)
rCorr   .            (no gloves)
SInv    .            (no boots)
Will    +....        (no amulet)
Stlth   ++           l - +3 ring of intelligence
HPRegen 0.31/turn    m - +3 ring of intelligence
MPRegen 0.21/turn

%: no teleportation
@: no status effects
A: no striking features
a: Renounce Religion, Channel Magic, Forget Spell, Divine Exegesis


You were in the Dungeon.
You worshipped Sif Muna.
Sif Muna was extremely pleased with you.
You visited 1 branch

Inventory:

Hand Weapons
 k - a +1 long sword of flaming (weapon)
Armour
 a - a +0 robe (worn)
 o - a +0 helmet (worn)
Jewellery
 l - a +3 ring of intelligence (left hand)
 m - a +3 ring of intelligence (right hand)
Scrolls
 g - a scroll of blinking
 i - 5 scrolls of amnesia
 j - a scroll of butterflies
Potions
 b - 2 potions of magic
 c - 7 potions of curing
 d - 3 potions of heal wounds
 e - 3 potions of haste
 f - 3 potions of berserk rage
 h - 2 potions of invisibility
 n - 2 potions of brilliance


   Skills:
 + Level 9.4 Fighting
 - Level 2.4 Dodging
 - Level 2.4 Stealth
 + Level 12.2 Spellcasting
 * Level 14.0 Conjurations
 + Level 6.9 Transmutations
 * Level 14.4 Earth Magic
 + Level 9.8 Invocations


You had 12 spell levels left.
You knew the following spells:

 Your Spells              Type           Power      Damage    Failure   Level
a - Sandblast             Erth           100%       2d20      0%          1
b - Stone Arrow           Conj/Erth      100%       3d13      1%          3
c - Lee's Rapid Deconstr  Erth           41%        3d20*     1%          5
d - Statue Form           Tmut/Erth      47%        N/A       4%          6
e - Iron Shot             Conj/Erth      41%        9d8       1%          6

Your spell library contained the following spells:

 Spells                   Type           Power      Damage    Failure   Level
 Magic Dart               Conj           100%       1d8       0%          1
 Searing Ray              Conj           100%       2d8       0%          2
 Kiss of Death            Conj/Necr      100%       2d13      1%          1
 Passwall                 Tmut/Erth      59%        N/A       1%          2
 Spider Form              Tmut/Pois      40%        N/A       1%          3
 Animate Armour           Summ/Erth      100%       N/A       1%          4
 Fulminant Prism          Conj/Hex       29%        3d14      1%          4
 Leda's Liquefaction      Hex/Erth       29%        N/A       1%          4
 Petrify                  Tmut/Erth      71%        N/A       1%          4
 Irradiate                Conj/Tmut      35%        3d23      1%          5
 Cigotuvi's Dreadful Rot  Necr/Pois/Air  36%        N/A       4%          2
 Blade Hands              Tmut           29%        N/A       4%          5
 Anguish                  Hex/Necr       9%         N/A       26%         4
 Dragon Form              Tmut           29%        N/A       78%         7
 Storm Form               Tmut/Air       20%        N/A       99%         7
 Borgnjor's Revivificati  Necr           9%         N/A       100%        8


Dungeon Overview and Level Annotations

Branches:
Dungeon (1/1)

Altars:
Ashenzari
Cheibriados
Dithmenos
Elyvilon
Fedhas
Gozag
Hepliaklqana
Kikubaaqudgha
Makhleb
Nemelex Xobeh
Okawaru
Qazlal
Ru
Sif Muna
Trog
Uskayaw
Vehumet
Wu Jian
Xom
Yredelemnul
Zin
The Shining One
Jiyva
Lugonu


Message History

Aiming: Lee's Rapid Deconstruction (dangerous; 1% risk of failure)
Press: ? - help, Dir - move target A metal wall.
The metal wall shatters!
The blast of metal fragments hits something but does no damage.
You hear some strange, mumbled words.
Something tries to affect you, but you resist.
Casting: Lee's Rapid Deconstruction (dangerous; 1% risk of failure)
Confirm with . or Enter, or press ? or * to list all spells.
Aiming: Lee's Rapid Deconstruction (dangerous; 1% risk of failure)
Press: ? - help, Dir - move target A metal wall.
The metal wall shatters!
The blast of metal fragments hits something!!
Something hits you! Something bites you.
Something draws strength from your injuries!
Casting: Lee's Rapid Deconstruction (dangerous; 1% risk of failure)
Confirm with . or Enter, or press ? or * to list all spells.
Aiming: Lee's Rapid Deconstruction (dangerous; 1% risk of failure)
Press: ? - help, Dir - move target A metal wall.
The metal wall shatters!
The blast of metal fragments hits something!
Something draws life force from you!
* * * LOW HITPOINT WARNING * * *
Casting: Lee's Rapid Deconstruction (dangerous; 1% risk of failure)
Confirm with . or Enter, or press ? or * to list all spells.
Aiming: Lee's Rapid Deconstruction (dangerous; 1% risk of failure)
Press: ? - help, Dir - move target A metal wall.
The metal wall shatters!
The blast of metal fragments hits something.
Something draws life force from you!
* * * LOW HITPOINT WARNING * * *
You feel much better. Something hits you!! Something bites you!
* * * LOW HITPOINT WARNING * * *
Something draws strength from your injuries!
Unknown command.
You feel much better. Something hits you!!
You die...

########################+#
...............÷@{...:...#
......................†..#
#######++##############).#
†)# ..# h.# ..# ..#


There were no monsters in sight!

Vanquished Creatures
  A merfolk javelineer (D)
  A hydra (D)
  A two-headed ogre (D)
  2 flayed ghosts (D)
  A manticore (D)
  3 merfolk (D)
  A polar bear (D)
  2 spriggans (D)
  Grum (D)
  A basilisk (D)
  An orc warrior (D)
  A black bear (D)
  4 wolves (D)
  3 centaurs (D)
  A phantom (D)
  A kobold brigand (D)
  An earth elemental (D)
  A bullfrog (D)
  A scorpion (D)
  An iron imp (D)
  3 orc priests (D)
  2 gnolls (D)
  An adder (D)
  2 white imps (D)
  An adder skeleton (D)
  7 orcs (D)
  A bat zombie (D)
  A hobgoblin (D)
  4 jackals (D)
  A ball python zombie (D)
  A bat (D)
  A frilled lizard (D)
  A kobold (D)
55 creatures vanquished.

Notes
Turn   | Place    | Note
-------+----------+-------------------------------------------
     0 | D        | rocky1 the Deep Elf Earth Elementalist began the quest for
                  | the Orb.
     0 | D        | Reached XP level 1. HP: 10/10 MP: 6/6
    19 | D        | Found a bloodstained altar of Trog.
    19 | D        | Found a shimmering blue altar of Sif Muna.
    19 | D        | Found a viscous altar of Jiyva.
    19 | D        | Found a hazy altar of Hepliaklqana.
    19 | D        | Found an opulent altar of Gozag.
    20 | D        | Found a glowing golden altar of the Shining One.
    20 | D        | Found a glowing silver altar of Zin.
    20 | D        | Found a basalt altar of Yredelemnul.
    20 | D        | Found a shimmering altar of Xom.
    20 | D        | Found an ornate altar of the Wu Jian Council.
    20 | D        | Found a sacrificial altar of Ru.
    20 | D        | Found a stormy altar of Qazlal.
    20 | D        | Found an iron altar of Okawaru.
    20 | D        | Found a sparkling altar of Nemelex Xobeh.
    20 | D        | Found a burning altar of Makhleb.
    20 | D        | Found a blossoming altar of Fedhas.
    20 | D        | Found a white marble altar of Elyvilon.
    20 | D        | Found a shadowy altar of Dithmenos.
    20 | D        | Found a snail-covered altar of Cheibriados.
    23 | D        | Found a corrupted altar of Lugonu.
    23 | D        | Found a radiant altar of Vehumet.
    24 | D        | Found an ancient bone altar of Kikubaaqudgha.
    24 | D        | Found a hide-covered altar of Uskayaw.
    24 | D        | Found a broken altar of Ashenzari.
    25 | D        | Became a worshipper of Sif Muna the Loreminder
    61 | D        | Reached skill level 1 in Fighting
    61 | D        | Reached skill level 1 in Invocations
    61 | D        | Reached XP level 2. HP: 14/16 MP: 4/8
   196 | D        | Reached * piety under Sif Muna
   398 | D        | Reached ** piety under Sif Muna
   407 | D        | Reached *** piety under Sif Muna
   408 | D        | Reached XP level 3. HP: 17/21 MP: 8/10
   650 | D        | Learned a level 3 spell: Stone Arrow
   651 | D        | Noticed a scorpion
   651 | D        | Noticed a phantom
   663 | D        | Killed a scorpion
   663 | D        | Reached **** piety under Sif Muna
   664 | D        | Reached skill level 5 in Earth Magic
   664 | D        | Reached XP level 4. HP: 28/28 MP: 4/12
   665 | D        | Killed a phantom
   666 | D        | Reached skill level 5 in Spellcasting
   666 | D        | Reached skill level 5 in Conjurations
   666 | D        | Reached XP level 5. HP: 32/33 MP: 3/15
   667 | D        | Noticed a black bear
   670 | D        | Reached ***** piety under Sif Muna
   670 | D        | Received a gift from Sif Muna
   676 | D        | Killed a black bear
   677 | D        | Reached skill level 5 in Fighting
   677 | D        | Reached XP level 6. HP: 29/40 MP: 12/17
   683 | D        | Learned a level 5 spell: Lee's Rapid Deconstruction
   690 | D        | Learned a level 6 spell: Statue Form
   690 | D        | Noticed an orc warrior
   695 | D        | Killed an orc warrior
   696 | D        | Reached skill level 5 in Invocations
  1024 | D        | Received a gift from Sif Muna
  1025 | D        | Reached XP level 7. HP: 46/46 MP: 13/20
  1171 | D        | Learned a level 6 spell: Iron Shot
  1173 | D        | Noticed a spriggan
  1177 | D        | Killed a spriggan
  1856 | D        | Noticed a spriggan
  1856 | D        | Noticed a manticore
  1862 | D        | Killed a spriggan
  1862 | D        | Received a gift from Sif Muna
  1863 | D        | Reached skill level 10 in Earth Magic
  1866 | D        | Killed a manticore
  1867 | D        | Reached skill level 10 in Conjurations
  1867 | D        | Reached XP level 8. HP: 18/54 MP: 12/23
  2184 | D        | Noticed a flayed ghost
  2185 | D        | Noticed a polar bear
  2187 | D        | Killed a flayed ghost
  2187 | D        | Received a gift from Sif Muna
  2188 | D        | Reached XP level 9. HP: 59/59 MP: 13/24
  2190 | D        | Killed a polar bear
  2191 | D        | Reached skill level 10 in Spellcasting
  2420 | D        | Noticed a two-headed ogre
  2420 | D        | Noticed a seven-headed hydra
  2423 | D        | Killed a two-headed ogre
  2424 | D        | Killed a seven-headed hydra
  2425 | D        | Reached skill level 5 in Transmutations
  2610 | D        | Noticed a merfolk
  2610 | D        | Noticed a flayed ghost
  2613 | D        | Killed a flayed ghost
  2613 | D        | Received a gift from Sif Muna
  2613 | D        | Noticed a merfolk
  2614 | D        | Reached XP level 10. HP: 38/65 MP: 16/27
  2622 | D        | Got Sif Muna's Vellum of the Unholy Xenotype {god gift}
  2628 | D        | Noticed a merfolk javelineer
  2630 | D        | Killed a merfolk javelineer
  3253 | D        | Noticed a vampire knight
  3253 | D        | Noticed Grum
  3259 | D        | Killed Grum
  3259 | D        | Received a gift from Sif Muna
  3259 | D        | Reached ****** piety under Sif Muna
  3265 | D        | Paralysed by something for 4 turns
  3275 | D        | HP: 2/66 [something (14)]
  3277 | D        | Slain by a vampire knight

Illustrated notes

Levels and vault maps discovered:
D:        pitsprint [storerooms_1, entrance_room_1, metal_vault_1, armoury_3,
          mini_pit_1, grid_room_1, main_hall_1, silver_pit, the_coven_3,
          the_vestibule_1, steel_vault_1, golden_pit, hallway_of_sentries,
          crystal_vault_3, iron_vault_1, final_vault]

Skill      XL: |  1  2  3  4  5  6  7  8  9 10 |
---------------+-------------------------------+-----
Fighting       | 1 2 3 4 5 6 7 8 9 |  9.4
Conjurations   | 2 3 4 5 7 8 10 11 12 14 | 14.0
Earth Magic    | 4 5 6 7 8 10 11 13 14 | 14.4
Invocations    | 1 2 3 4 5 6 7 9 |  9.8
Spellcasting   | 4 5 6 7 9 11 12 | 12.2
Transmutations | 3 5 6 |  6.9
Dodging        | |  2.4
Stealth        | |  2.4

Action                     |  1- 3 |  4- 6 |  7- 9 | 10-12 || total
---------------------------+-------+-------+-------+-------++-------
  Melee: Unarmed           |     1 |       |       |       ||     1
         Long sword        |     1 |       |       |       ||     1
   Cast: Sandblast         |    24 |    13 |       |       ||    37
         Stone Arrow       |       |     6 |    12 |     5 ||    23
         Lee's Rapid Decon |       |       |    13 |    16 ||    29
 Invoke: Channel Magic     |       |       |       |     2 ||     2
    Use: Potion            |     2 |     2 |     3 |     5 ||    12
 Armour: Robe              |     2 |     4 |       |     3 ||     9
  Dodge: Dodged            |    23 |    14 |     7 |     5 ||    49

Table legend: (Time is in decaauts)
 A = Elapsed time spent in this place.
 B = Non-inter-level travel time spent in this place.
 C = Inter-level travel time spent in this place.
 D = Time resting spent in this place.
 E = Time spent auto-exploring this place.
 F = Levels seen in this place.
 G = Mean time per level.
                   A        B        C        D        E       F      G
               +--------+--------+--------+--------+--------+-----+--------+
         Total |   3295 |   3231 |     64 |   2748 |      0 |   1 | 3295.0 |
       Dungeon |   3295 |   3231 |     64 |   2748 |      0 |   1 | 3295.0 |
               +--------+--------+--------+--------+--------+-----+--------+

Top non-repeatable levels by time:
       D: 3295 daAuts
